 Dungeon Crawl Stone Soup version 0.31.0-11-ge490571c62 (webtiles) character file.

Game seed: 13531526883319634461

5973 qw the Skirmisher (level 10, 0/63 HPs)
             Began as a Deep Elf Hunter on Feb 3, 2024.
             Was a Priest of Okawaru.
             Slain by a chaos spawn (3 damage)
             ... on level 2 of the Abyss.
             The game lasted 00:00:37 (6635 turns).

qw the Skirmisher (Deep Elf Hunter)                 Turns: 6635, Time: 00:00:37

Health: 0/63       AC:  4    Str: 12    XL:     10   Next: 55%
Magic:  15/15      EV: 14    Int: 18    God:    Okawaru [***...]
Gold:   278        SH:  0    Dex: 16    Spells: 9/9 levels left

rFire   + . .        a - +5 shortbow
rCold   . . .        (shield currently unavailable)
rNeg    . . .        l - +1 ring mail "Koz Ywnu" {rPois Will- Stlth+}
rPois   +            b - +2 hat of Omission {rElec Int+3 Dex-2 Slay+5}
rElec   +            (no cloak)
rCorr   .            (no gloves)
SInv    .            (no boots)
Will    .....        (no amulet)
Stlth   ++           f - ring of protection from fire
HPRegen 0.30/turn    i - +4 ring of slaying {mikee}
MPRegen 0.14/turn

%: no passive effects
@: about to teleport, corroded
A: no striking features
a: Renounce Religion, Heroism


You were on level 2 of the Abyss.
You worshipped Okawaru.
Okawaru was most pleased with you.
You visited 1 branch of the dungeon, and saw 9 of its levels.
You visited the Abyss 1 time.

You collected 530 gold pieces.
You spent 252 gold pieces at shops.


   Skills:
 + Level 7.4 Fighting
 - Level 14.0 Ranged Weapons
 - Level 2.1 Armour
 - Level 9.1 Dodging
 - Level 1.2 Stealth
 - Level 4.2 Invocations


You had 9 spell levels left.
You didn't know any spells.
Your spell library was empty.

Inventory:

Hand Weapons
 a - a +5 shortbow (weapon)
Armour
 b - the +2 hat of Omission (worn) {rElec Int+3 Dex-2 Slay+5}
   (You bought it in a shop on level 6 of the Dungeon)

   Int+3:     It affects your intelligence (+3).
   Dex-2:     It affects your dexterity (-2).
   Slay+5:    It affects your accuracy & damage with ranged weapons and melee
   (+5).
   rElec:     It insulates you from electricity.
 l - the +1 ring mail "Koz Ywnu" (worn) {rPois Will- Stlth+}
   (You found it on level 7 of the Dungeon)

   rPois:     It protects you from poison Will-: It decreases your willpower.
   Stlth+:    It makes you more stealthy.
Jewellery
 f - a ring of protection from fire (left hand)
 i - a +4 ring of slaying (right hand) {mikee}
 m - a ring of positive energy
 n - a ring of fire
Wands
 e - a wand of charming (7)
Scrolls
 k - 6 scrolls of teleportation
 q - a scroll of enchant armour
Potions
 c - a potion of enlightenment
 g - 6 potions of curing
 h - a potion of might
 p - a potion of attraction {unknown}

Dungeon Overview and Level Annotations

Branches:
Dungeon (9/15)             Temple (0/1) D:7
   Lair: D:8-11         Orc: D:9-12

Altars:
Ashenzari
Dithmenos
Fedhas
Makhleb
Okawaru
Qazlal
Sif Muna
Uskayaw
Vehumet
Xom

Shops:
D:6 [

Annotations:
D:3 2 transporters
D:4 4 runed translucent doors, Crazy Yiuf; qw's ghost, amateur DEHu
D:9 Erolcha


Message History

You shoot an arrow. The arrow hits the chaos spawn.
The chaos spawn is severely wounded.
The chaos spawn punches you!
A kobold comes into view.
You shoot an arrow. The arrow hits the chaos spawn!
You kill the chaos spawn!
Okawaru accepts your kill.
The chaos spawn degenerates into a cloud of primal chaos!
You shoot an arrow. The arrow hits the giant cockroach!
You kill the giant cockroach!
Okawaru accepts your kill.
You shoot an arrow. The arrow hits the chaos spawn.
The chaos spawn is lightly wounded.
You shoot an arrow.
The arrow completely misses the chaos spawn.
You hear a bellow!
The chaos spawn is engulfed in seething chaos.
The chaos spawn headbutts you! The acid corrodes you!
A chaos spawn comes into view.
You hear a shout!
You shoot an arrow. The arrow hits the chaos spawn.
The chaos spawn is moderately wounded.
You hear a shout! x2; You hear a horrible gurgling sound!
You shoot an arrow. The arrow hits the chaos spawn.
The chaos spawn is moderately wounded.
You hear a shout!
The chaos spawn misses you.
You shoot an arrow.
The arrow barely misses the chaos spawn.
The chaos spawn closely misses you.
You shoot an arrow. The arrow hits the chaos spawn!
The chaos spawn is severely wounded.
A goblin comes into view.
The chaos spawn tentacle-slaps you! The chaos spawn freezes you!
6635 ||| READING 7 scrolls of teleportation.
As you read the scroll of teleportation, it crumbles to dust.
You feel strangely unstable.
You feel the power of the Abyss delaying your translocation!
The chaos spawn tentacle-slaps you.
You die...

.## #### ##
#.... .......
.....## ... ..
#... ## .
..#......... .
...... .#.....
.. .##........
....
#..##.#.....#.
. #...# . .##
#@.# ## #
#44### . #..g
###. .. .. .).
##.


You could see 2 chaos spawn and a goblin.

Vanquished Creatures
  A deep elf pyromancer (D:9)
  A gargoyle (D:7)
  A basilisk (D:9)
  A steam dragon (D:8)
  Menkaure (D:4)
  3 chaos spawn (Abyss:2)
  An acid dragon (D:8)
  2 water moccasins (D:7)
  3 ice beasts
  3 sky beasts (D:7)
  3 black bears
  3 orc warriors
  3 ogres
  2 phantoms (D:6)
  3 bullfrogs
  2 kobold brigands
  2 gnoll sergeants
  2 small abominations (Abyss:2)
  6 scorpions
  4 wights
  A killer bee (D:7)
  7 electric eels
  5 bombardier beetles
  2 hounds
  4 orc priests
  3 sleepcaps
  2 jellies (D:7)
  6 iguanas
  10 orc wizards
  Terence (D:3)
  12 gnolls
  An adder (shapeshifter) (Abyss:2)
  5 adders
  2 white imps (D:7)
  2 ufetubi (D:6)
  5 ribbon worms
  4 dart slugs
  21 orcs
  6 ball pythons
  3 bats
  3 endoplasms
  4 giant cockroaches
  A giant cockroach (shapeshifter) (Abyss:2)
  4 goblins
  5 hobgoblins
  5 jackals
  A jackal (shapeshifter) (Abyss:2)
  A kobold (shapeshifter) (Abyss:2)
  A quokka (D:1)
  3 frilled lizards
  5 kobolds
  5 rats
187 creatures vanquished.

Notes
Turn   | Place    | Note
-------+----------+-------------------------------------------
     0 | D:1      | qw the Deep Elf Hunter began the quest for the Orb.
     0 | D:1      | Reached XP level 1. HP: 12/12 MP: 3/3
     0 | D:1      | 0 ||| qw: Version: 0.3-a-157-g843a77d
     0 | D:1      | 0 ||| qw: Game counter: 3933
     0 | D:1      | 0 ||| qw: Melee chars always use a shield: true
     0 | D:1      | 0 ||| qw: God list: Okawaru
     0 | D:1      | 0 ||| qw: Allow faded altars: false
     0 | D:1      | 0 ||| qw: Do Orc after clearing Dungeon:15 true
     0 | D:1      | 0 ||| qw: Do second Lair branch before Depths: true
     0 | D:1      | 0 ||| qw: Lair rune preference: random
     0 | D:1      | 0 ||| qw: Goals: Normal
     0 | D:1      | 0 ||| PLANNING D:1-11
    78 | D:1      | Reached XP level 2. HP: 16/16 MP: 4/4
   130 | D:1      | Reached skill level 6 in Ranged Weapons
   639 | D:1      | 639 ||| UPGRADING to ring of protection from fire.
   640 | D:1      | 640 ||| READING scroll labelled DOMIUMA BOFF.
   641 | D:1      | 641 ||| READING scroll labelled KEMOCLULO TAOFE.
   742 | D:1      | 742 ||| READING scroll labelled GATURGH QOIS.
   743 | D:1      | 743 ||| READING 2 scrolls labelled EMPOUCZ QULORGH.
   744 | D:1      | 744 ||| READING scroll labelled EHUTHI VOGGIHY.
   744 | D:1      | 744 ||| ENCHANTING +0 shortbow.
   745 | D:1      | 745 ||| DRINKING 2 fizzy golden potions.
   779 | D:1      | 779 ||| DRINKING 3 puce potions.
   780 | D:1      | 780 ||| DROPPING scroll of butterflies.
   781 | D:1      | 781 ||| DROPPING potion of lignification.
   782 | D:1      | 782 ||| DROPPING scroll of amnesia.
   885 | D:2      | Reached XP level 3. HP: 15/20 MP: 5/5
   987 | D:2      | Reached skill level 7 in Ranged Weapons
   995 | D:2      | 995 ||| READING scroll of enchant weapon.
   995 | D:2      | 995 ||| ENCHANTING +1 shortbow.
  1049 | D:2      | You fall into a shaft and drop 2 floors!
  1066 | D:4      | Noticed an ogre
  1072 | D:4      | Killed an ogre
  1073 | D:4      | Reached skill level 8 in Ranged Weapons
  1073 | D:4      | Reached XP level 4. HP: 20/25 MP: 6/6
  1121 | D:4      | Found a runed translucent door.
  1122 | D:4      | Noticed Crazy Yiuf
  1182 | D:4      | 1182 ||| READING scroll of enchant weapon.
  1182 | D:4      | 1182 ||| ENCHANTING +2 shortbow.
  1187 | D:4      | 1187 ||| UPGRADING to +0 ring mail.
  1197 | D:4      | 1197 ||| DROPPING +0 leather armour.
  1198 | D:4      | 1198 ||| DROPPING +6 ring of intelligence.
  1199 | D:4      | 1199 ||| READING scroll labelled ABISOT SOSHRI.
  1199 | D:4      | 1199 ||| ENCHANTING +0 ring mail.
  1200 | D:4      | 1200 ||| READING scroll labelled LUESUUP TUYNAFF.
  1200 | D:4      | Noticed Menkaure
  1209 | D:4      | Killed Menkaure
  1210 | D:4      | Reached skill level 9 in Ranged Weapons
  1210 | D:4      | Reached XP level 5. HP: 11/29 MP: 7/7
  1299 | D:3      | 1299 ||| READING scroll of enchant weapon.
  1299 | D:3      | 1299 ||| ENCHANTING +3 shortbow.
  1468 | D:2      | Found a faded altar of an unknown god.
  1642 | D:2      | Found a shimmering altar of Xom.
  1793 | D:3      | Reached XP level 6. HP: 14/35 MP: 8/8
  1961 | D:3      | Noticed Terence
  1965 | D:3      | Killed Terence
  2045 | D:3      | Noticed a small abomination
  2058 | D:3      | Found a transporter.
  2068 | D:3      | Noticed a toenail golem
  2079 | D:3      | Found a transporter.
  2207 | D:3      | Reached skill level 10 in Ranged Weapons
  2265 | D:3      | Found a stormy altar of Qazlal.
  2340 | D:3      | 2340 ||| DRINKING 2 smoky grey potions.
  2415 | D:4      | Reached skill level 3 in Dodging
  2558 | D:4      | Found a radiant altar of Vehumet.
  2651 | D:4      | Reached XP level 7. HP: 37/40 MP: 9/9
  2832 | D:4      | Found a runed translucent gate.
  2833 | D:4      | Found a runed translucent gate.
  2834 | D:4      | Found a runed translucent gate.
  2835 | D:4      | Noticed qw's ghost (amateur DEHu)
  2897 | D:4      | 2897 ||| UPGRADING to +4 ring of slaying {mikee}.
  2898 | D:4      | 2898 ||| READING scroll labelled LECHEKK LEAWNO.
  2949 | D:4      | 2949 ||| READING 2 scrolls labelled PAPTOGG OHUPSY.
  3050 | D:4      | 3050 ||| DROPPING scroll of silence.
  3088 | D:5      | Entered Level 5 of the Dungeon
  3128 | D:5      | Reached skill level 11 in Ranged Weapons
  3222 | D:5      | Found a hide-covered altar of Uskayaw.
  3259 | D:5      | Reached skill level 12 in Ranged Weapons
  3263 | D:5      | Reached skill level 1 in Armour
  3275 | D:5      | Reached XP level 8. HP: 45/45 MP: 10/10
  3319 | D:5      | Reached skill level 3 in Fighting
  3342 | D:5      | Found a shadowy altar of Dithmenos.
  3583 | D:5      | 3583 ||| READING scroll labelled COILEWKUKI.
  3583 | D:5      | 3583 ||| IDENTIFYING sedimented emerald potion
  3584 | D:5      | 3584 ||| READING scroll labelled MUCOYRREILO.
  3585 | D:5      | 3585 ||| DROPPING potion of degeneration.
  3655 | D:6      | 3655 ||| FLEEEEING.
  3669 | D:6      | 3669 ||| DRINKING 3 potions of curing.
  3669 | D:6      | 3669 ||| (to cure confusion)
  3677 | D:6      | 3677 ||| FLEEEEING.
  3678 | D:6      | 3678 ||| FLEEEEING.
  3679 | D:6      | 3679 ||| FLEEEEING.
  3680 | D:6      | 3680 ||| FLEEEEING.
  3681 | D:6      | 3681 ||| FLEEEEING.
  3682 | D:6      | 3682 ||| FLEEEEING.
  3683 | D:6      | 3683 ||| FLEEEEING.
  3684 | D:6      | 3684 ||| FLEEEEING.
  3685 | D:6      | 3685 ||| FLEEEEING.
  3687 | D:6      | 3687 ||| FLEEEEING.
  3688 | D:6      | 3688 ||| FLEEEEING.
  3689 | D:6      | 3689 ||| FLEEEEING.
  3690 | D:6      | 3690 ||| FLEEEEING.
  3697 | D:6      | Reached skill level 13 in Ranged Weapons
  3738 | D:6      | 3738 ||| RETREEEEATING.
  3765 | D:6      | 3765 ||| FLEEEEING.
  3766 | D:6      | 3766 ||| FLEEEEING.
  3767 | D:6      | 3767 ||| FLEEEEING.
  3769 | D:6      | 3769 ||| FLEEEEING.
  3770 | D:6      | 3770 ||| FLEEEEING.
  3771 | D:6      | 3771 ||| FLEEEEING.
  3772 | D:6      | 3772 ||| FLEEEEING.
  3773 | D:6      | 3773 ||| FLEEEEING.
  3774 | D:6      | 3774 ||| FLEEEEING.
  3775 | D:6      | 3775 ||| FLEEEEING.
  3776 | D:6      | 3776 ||| FLEEEEING.
  3777 | D:6      | 3777 ||| STAIRDANCE
  3793 | D:5      | 3793 ||| READING scroll labelled WOAR NUXIUD.
  3859 | D:6      | Reached skill level 14 in Ranged Weapons
  3948 | D:6      | Found Jainon's Antique Armour Boutique.
  3985 | D:6      | 3985 ||| BUYING distressingly furry hat (252 gold).
  3985 | D:6      | Bought a distressingly furry hat for 252 gold pieces
  3985 | D:6      | Identified the +2 hat of Omission {rElec Int+3 Dex-2
                  | Slay+5} (You bought it in a shop on level 6 of the Dungeon)
  3985 | D:6      | 3985 ||| SHOPLISTING pair of boots (126 gold, have 55).
  3985 | D:6      | 3985 ||| SHOPLISTING runed ring mail (196 gold, have 55).
  3985 | D:6      | 3985 ||| SHOPLISTING runed robe (103 gold, have 55).
  4131 | D:6      | Reached XP level 9. HP: 51/51 MP: 11/11
  4157 | D:6      | 4157 ||| READING scroll of enchant weapon.
  4157 | D:6      | 4157 ||| ENCHANTING +4 shortbow.
  4221 | D:6      | Found a broken altar of Ashenzari.
  4314 | D:6      | Found an iron altar of Okawaru.
  4315 | D:6      | 4315 ||| PLANNING OKAWARU WORSHIP
  4317 | D:6      | Found a blossoming altar of Fedhas.
  4319 | D:6      | 4319 ||| FLEEEEING.
  4343 | D:6      | 4343 ||| UPGRADING to +2 hat of Omission {rElec Int+3 Dex-2
                  | Slay+5}.
  4348 | D:6      | 4348 ||| READING scroll of identify.
  4348 | D:6      | 4348 ||| IDENTIFYING amethyst potion
  4349 | D:6      | 4349 ||| READING scroll labelled UNEARO OMOAGG.
  4362 | D:6      | Became a worshipper of Warmaster Okawaru
  4363 | D:6      | 4363 ||| PLANNING D:1-11
  4546 | D:7      | Identified the +1 war axe "Dragonslayer" {antimagic,
                  | ^Contam rElec rPois Int+3}
  4555 | D:7      | Reached skill level 6 in Dodging
  4654 | D:7      | Found a staircase to the Ecumenical Temple.
  4655 | D:7      | 4655 ||| RETREEEEATING.
  4992 | D:7      | Found a burning altar of Makhleb.
  5099 | D:7      | Noticed a gargoyle
  5119 | D:7      | Reached * piety under Okawaru
  5139 | D:7      | Reached skill level 1 in Invocations
  5175 | D:7      | Reached skill level 3 in Invocations
  5192 | D:7      | 5192 ||| READING 2 scrolls of identify.
  5192 | D:7      | 5192 ||| IDENTIFYING ruby potion
  5193 | D:7      | 5193 ||| DROPPING potion of invisibility.
  5207 | D:7      | 5207 ||| INVOKING Heroism.
  5213 | D:7      | Killed a gargoyle
  5213 | D:7      | Reached ** piety under Okawaru
  5238 | D:7      | Identified the +1 ring mail "Koz Ywnu" {rPois Will- Stlth+}
  5352 | D:7      | 5352 ||| UPGRADING to +1 ring mail "Koz Ywnu" {rPois Will-
                  | Stlth+}.
  5362 | D:7      | 5362 ||| DROPPING +1 ring mail.
  5473 | D:8      | Found a shimmering blue altar of Sif Muna.
  5502 | D:8      | Reached skill level 6 in Fighting
  5502 | D:8      | Reached XP level 10. HP: 60/60 MP: 15/15
  6144 | D:8      | 6144 ||| READING scroll of identify.
  6144 | D:8      | 6144 ||| IDENTIFYING fuming ruby potion
  6145 | D:8      | 6145 ||| READING scroll labelled JEDUM JUNWIAD.
  6240 | D:8      | 6240 ||| READING scroll labelled PAEGUHUD YLUA.
  6339 | D:9      | Reached *** piety under Okawaru
  6557 | D:9      | Noticed a deep elf pyromancer
  6558 | D:9      | 6558 ||| INVOKING Heroism.
  6559 | D:9      | 6559 ||| DRINKING potion of haste.
  6565 | D:9      | Killed a deep elf pyromancer
  6590 | D:9      | Noticed Erolcha
  6595 | Abyss:2  | Cast into level 2 of the Abyss (Erolcha)
  6614 | Abyss:2  | Reached skill level 9 in Dodging
  6634 | Abyss:2  | HP: 11/63 [chaos spawn (17)]
  6634 | Abyss:2  | HP: 3/63 [chaos spawn (8)]
  6635 | Abyss:2  | 6635 ||| READING 7 scrolls of teleportation.
  6635 | Abyss:2  | Slain by a chaos spawn

Levels and vault maps discovered:
D:1:      minmay_arrival_radiant_lines, layout_loops_ring
D:2:      layout_basic, hellmonk_ecumenical_altar_leap_of_faith, basic_altar,
          kennysheep_generic_room_7
D:3:      layout_rooms, nicolae_qazlal_general_emergency,
          gammafunk_ghost_abyssal_escape, uniq_terence
D:4:      layout_loops_ring, nicolae_vehumet_altar_sigil,
          biasface_ghost_orc_armoury, uniq_menkaure, uniq_crazy_yiuf_cottage
D:5:      layout_cave_pools, mainiacjoe_overflow_paths, lemuel_doored_altar
D:6:      layout_rooms, ashenzari_conservatory_becter, nicolae_overflow_squiral,
          serial_shops, shop_statue
D:7:      minmay_clustersquares, layout_loops_ring, kennysheep_mini_moat,
          minmay_temple_entry_mini_moons
D:8:      layout_basic, led_sif_pool, hangedman_decor_riveting
D:9:      cheibrodos_two_vegetables, layout_gridville,
          nicolae_gozag_seed_capital, chei_slow_surprise,
          grunt_decor_mini_mirrors, uniq_joseph, uniq_erolcha, uniq_jeremiah,
          uniq_maggie
Abyss:2:  base: Temple, hangedman_abyss_monster_moat

Skill      XL: |  1  2  3  4  5  6  7  8  9 10 |
---------------+-------------------------------+-----
Ranged Weapons | 6 8 9 10 12 14 | 14.0
Fighting       | 2 3 6 7 |  7.4
Dodging        | 3 5 7 9 |  9.1
Armour         | 1 2 |  2.1
Invocations    | 4 |  4.2
Stealth        | |  1.2

Action                     |  1- 3 |  4- 6 |  7- 9 | 10-12 || total
---------------------------+-------+-------+-------+-------++-------
   Fire: Shortbow          |    81 |   121 |   272 |   114 ||   588
 Invoke: Heroism           |       |       |     1 |     1 ||     2
    Use: Scroll            |     6 |     4 |     9 |     4 ||    23
         Potion            |     2 |     1 |     1 |     1 ||     5
 Armour: Leather armour    |    10 |       |       |       ||    10
         Ring mail         |       |    23 |    59 |    18 ||   100
  Dodge: Dodged            |     5 |    18 |    29 |    10 ||    62

Table legend:
 A = Non-vault XP
 B = Vault XP
 C = Vault XP percentage of total XP
 D = Non-vault monster count
 E = Vault monster count
 F = Vault count percentage of total count
                 A         B        C        D         E       F
            +---------+---------+-------+---------+---------+-------
      Total |    5377 |    3156 |  37.0 |     153 |      34 |  18.2
            +---------+---------+-------+---------+---------+-------
        D:1 |      40 |       0 |   0.0 |      21 |       0 |   0.0
        D:2 |      29 |       0 |   0.0 |      10 |       0 |   0.0
        D:3 |     167 |      36 |  17.7 |      21 |       1 |   4.5
        D:4 |     362 |     175 |  32.6 |      12 |       1 |   7.7
        D:5 |     938 |       0 |   0.0 |      18 |       0 |   0.0
        D:6 |    1172 |       0 |   0.0 |      30 |       0 |   0.0
        D:7 |     838 |    1512 |  64.3 |      15 |      14 |  48.3
        D:8 |    1246 |       0 |   0.0 |      25 |       0 |   0.0
        D:9 |     585 |     696 |  54.3 |       1 |       9 |  90.0
    Abyss:2 |       0 |     737 | 100.0 |       0 |       9 | 100.0
            +---------+---------+-------+---------+---------+-------
